 Dungeon Crawl Stone Soup version 0.17-a0-1301-ga863c44 (webtiles) character file.

65175 Zwobot the Brawler (level 14, -5/136 HPs)
             Began as a Troll Wanderer on June 7, 2015.
             Was a High Priest of Cheibriados (penitent).
             Slain by a death yak (7 damage)
             ... on level 8 of the Lair of Beasts.
             The game lasted 01:24:46 (18857 turns).

Zwobot the Brawler (Troll Wanderer)                Turns: 18857, Time: 01:24:47

Health: -5/136     AC: 14    Str: 23    XL:     14   Next: 74%
Magic:  2/17       EV: 23    Int: 10    God:    Cheibriados [*]
Gold:   751        SH: 12    Dex: 18    Spells: 3 memorised, 4 levels left

rFire  . . .     SeeInvis .       - Unarmed
rCold  + . .     Clarity  .     V - +4 troll leather armour {Snorg}
rNeg   . . .     SustAt   .     z - +0 shield
rPois  +         Gourm    +     p - +2 hat {rC+}
rElec  .         Spirit   .     i - +0 cloak
rCorr  +         Warding  .     (gloves unavailable)
rMut   .         Stasis   .     (boots unavailable)
MR     ++...                    o - amulet of resist corrosion
Stlth  +++.......               W - ring of protection from magic
                                v - ring of poison resistance

@: agile, exhausted, very slightly contaminated, hasted and slowed, studying Ice
Magic, very slow, very resistant to hostile enchantments, fairly stealthy
A: unfitting armour, claws 3, agile 1, fast metabolism 3, gourmand, regeneration
2, shaggy fur 1, tough skin 2
a: Renounce Religion


You were on level 8 of the Lair of Beasts.
You worshipped Cheibriados.
Cheibriados was demanding penance.
You were very full.

You visited 4 branches of the dungeon, and saw 21 of its levels.
You also visited: Ice Cave and Volcano.

You collected 1151 gold pieces.
You spent 400 gold pieces at shops.

Inventory:

Hand weapons
 I - a +1 blowgun
Missiles
 r - 66 poisoned needles
 y - 14 tomahawks (quivered)
 R - 4 curare-tipped needles
 Y - 5 throwing nets
Armour
 i - a +0 cloak (worn)
 n - a +2 robe of fire resistance
 p - a +2 hat of cold resistance (worn)
 z - a +0 shield (worn)
 V - a +4 troll leather armour (worn) {Snorg}
Jewellery
 o - an amulet of resist corrosion (around neck)
 v - a ring of poison resistance (left claw)
 x - an uncursed ring of wizardry
 K - an uncursed amulet of clarity
 S - an uncursed ring of ice
 W - a ring of protection from magic (right claw)
Magical devices
 g - a wand of fire (5)
 u - a wand of cold (8)
 B - a wand of draining (8)
 C - a wand of cold (2)
 N - a wand of enslavement (19)
 X - a wand of cold (7)
 Z - a wand of confusion (27)
Scrolls
 a - 10 scrolls of remove curse
 c - 2 scrolls of amnesia
 k - 10 scrolls of teleportation
 w - a scroll of fog
 L - 2 scrolls of vulnerability
 O - 4 scrolls of identify
 P - a scroll of recharging
 U - 2 scrolls of enchant weapon
Potions
 b - a potion of ambrosia
 d - 2 potions of brilliance
 f - 12 potions of curing
 l - 3 potions of haste
 m - 6 potions of might
 A - 2 potions of flight
 Q - a potion of berserk rage
Books
 D - a manual of Ice Magic
 H - a manual of Ice Magic
 T - a book of Battle

   Spells                             Type                      Level
   a - Infusion                       Charms                       1
   b - Shroud of Golubria             Charms/Translocation         2
   c - Song of Slaying                Charms                       2
   d - Spectral Weapon                Hexes/Charms                 3
   e - Regeneration                   Charms/Necromancy            3
Miscellaneous
 E - a stone of tremors
 G - a phial of floods (inert)
Comestibles
 e - 9 bread rations {@e1}
 j - 7 slices of pizza
 q - 7 meat rations {@e2}
 s - 39 fruits
 F - 11 beef jerkies
 J - a royal jelly


   Skills:
 - Level 8.0 Fighting
   Level 1.0 Axes
 - Level 6.3 Throwing
 + Level 11.3 Dodging
 - Level 9.0 Shields
 - Level 15.2 Unarmed Combat
 - Level 6.6 Invocations
 - Level 1.0 Evocations


You had 4 spell levels left.
You knew the following spells:

 Your Spells              Type           Power        Failure   Level  Hunger
a - Animate Skeleton      Necr           N/A          43%         1    ##.....
b - Corpse Rot            Necr           N/A          69%         2    ###....
c - Statue Form           Trmt/Erth      #........    100%        6    #######


Dungeon Overview and Level Annotations

Branches:
Dungeon (11/15)            Temple (1/1) D:7            Lair (8/8) D:9
 Shoals (1/4) Lair:3       Spider (0/4) Lair:3        Slime (0/6) Lair:6
    Orc (0/4) D:10

Altars:
Ashenzari
Cheibriados
Elyvilon
Fedhas
Kikubaaqudgha
Makhleb
Okawaru
Qazlal
Vehumet
Xom
The Shining One

Shops:
D:6 =[}   D:8 =

Annotations:
D:5 Pikel
D:6 Grinder, Sigmund


Innate Abilities, Weirdness & Mutations

You are too large for most types of armour.
You have claws for hands.
Your metabolism is lightning-fast.
You like to eat raw meat.
You heal very quickly.
You are covered in fur (AC +1).
You have very tough skin (AC +2).
You are agile. (Dex +2)


Message History

You are very lightly contaminated with residual magic.
You take 20 damage, and have 1/136 hp.
Read which item? (? for menu, Esc to quit)
Okay, then.
Drink which item? (? for menu, Esc to quit)
Okay, then.
Aim the phial where?
Aim: a death yak (almost dead, bleeding)
The flood of elemental water hits the death yak.
You kill the death yak!
Cheibriados appreciates the change of pace.
The wave splashes down.
Splash!
You fall into the shallow water.
Moving in this stuff is going to be slow.
The water rises up and takes form.
You hear a croak.
You hear a loud, deep croak!
You block the death yak's attack. The death yak barely misses you.
The death yak gores you!
You die...

##### #####...###### *##
###..#[..###...#########.#
##.P......≈EY....##......###
#........≈≈@Y............... #
###.......≈≈≈Y............... ##
#............................
.####.P..............[...........
....[........................<...
.................................
....P..........PP................
............P..P.................
..............P..............(..P


You could see 3 death yaks and a friendly water elemental.

Vanquished Creatures
  Kirke (Lair:5)
  Snorg (Lair:3)
  2 hydras
  Fannar (Lair:3)
  An ice dragon (Lair:8)
  Harold (Lair:4)
  The ghost of Fluffy the Basher, a powerful GrFi of Okawaru (Lair:1)
  15 death yaks
  Sonja (Lair:3)
  A fire crab (Lair:7)
  A salamander mystic (Volcano)
  An ice statue (IceCv)
  A necromancer (IceCv)
  3 griffons
  3 salamanders (Volcano)
  A faun (Lair:1)
  An oklob plant (Lair:4)
  4 elephants (Lair:6)
  Joseph (D:10)
  14 spiny frogs
  8 black mambas
  A jumping spider (Lair:3)
  2 deep elf priests (D:9)
  10 freezing wraiths (IceCv)
  5 komodo dragons
  3 fire drakes
  29 blink frogs
  2 trolls
  A giant leech (Lair:8)
  Prince Ribbit (D:9)
  A trapdoor spider zombie (D:10)
  A trapdoor spider (D:11)
  2 wyverns
  39 yaks
  Eustachio (D:4)
  2 basilisks
  5 hippogriffs
  7 vampire mosquitoes (Lair:8)
  14 wolves
  6 fire bats (Volcano)
  A hungry ghost (D:5)
  11 water moccasins
  4 orc warriors
  Duvessa (D:7)
  13 porcupines
  An alligator simulacrum (IceCv)
  A swamp drake (D:10)
  2 sky beasts
  3 black bears
  3 phantoms
  7 ice beasts
  3 centaurs
  6 ogres
  17 crocodiles
  Blork the orc (D:5)
  A big kobold (D:9)
  Dowan (D:7)
  28 giant frogs
  A wyvern zombie (D:7)
  7 killer bees
  3 scorpions
  3 wights (D:10)
  2 electric eels (Lair:8)
  A crimson imp (D:8)
  16 jellies
  5 orc priests
  7 lava snakes (Volcano)
  4 draconian simulacra (IceCv)
  2 hounds
  A giant frog zombie (D:10)
  2 centaur skeletons
  6 worker ants
  7 iguanas
  8 orc wizards
  A polar bear simulacrum (IceCv)
  A killer bee zombie (D:10)
  2 wolf simulacra (IceCv)
  9 sheep
  3 centaur simulacra (IceCv)
  4 troll simulacra (IceCv)
  11 adders
  6 naga simulacra (IceCv)
  12 white imps (IceCv)
  3 ogre simulacra (IceCv)
  45 river rats
  6 shadow imps
  2 oozes (D:3)
  An adder zombie (D:5)
  3 adder skeletons
  5 giant geckos
  35 orcs
  10 bats
  2 bat zombies
  2 giant cockroaches
  10 hobgoblins
  16 jackals
  A quokka (D:2)
  4 giant newts
  9 goblins
  A jackal skeleton (D:6)
  A jackal zombie (D:3)
  24 kobolds
  A quokka skeleton (D:6)
  19 rats
  A plant (Lair:8)
624 creatures vanquished.

Vanquished Creatures (collateral kills)
  3 hydras
  A black mamba (Lair:8)
  A spiny frog (Lair:6)
  A vampire mosquito (Lair:8)
  A crocodile (Lair:7)
  3 giant frogs (Lair:8)
  An electric eel (Lair:8)
  A river rat (Lair:8)
  A plant (Lair:8)
13 creatures vanquished.

Vanquished Creatures (others)
  3 humans (Lair:5)
  A black bear (D:7)
  A hound (D:7)
  A jackal (D:7)
  2 rats (D:7)
  5 fungi
  9 plants
22 creatures vanquished.

Grand Total: 659 creatures vanquished

Notes
Turn   | Place    | Note
--------------------------------------------------------------
     0 | D:1      | Zwobot the Troll Wanderer began the quest for the Orb.
     0 | D:1      | Zwobot set off with: a +2 hand axe, a +0 mace, a potion of lignification, a +0 robe, 2 bread rations {@e1}
     0 | D:1      | Reached XP level 1. HP: 23/23 MP: 0/0
    94 | D:1      | Reached skill level 1 in Unarmed Combat
   244 | D:1      | Reached XP level 2. HP: 31/31 MP: 1/1
   818 | D:2      | Reached XP level 3. HP: 32/37 MP: 2/2
   976 | D:2      | Found a radiant altar of Vehumet.
  1528 | D:3      | Reached skill level 4 in Unarmed Combat
  1528 | D:3      | Reached XP level 4. HP: 35/45 MP: 3/3
  2123 | D:3      | Found a shattered altar of Ashenzari.
  2125 | D:3      | Found a blossoming altar of Fedhas.
  2125 | D:3      | Found a stormy altar of Qazlal.
  2382 | D:4      | Reached skill level 5 in Unarmed Combat
  2382 | D:4      | Reached XP level 5. HP: 15/53 MP: 4/4
  2580 | D:4      | Noticed a phantom
  2625 | D:4      | Killed a phantom
  2625 | D:4      | Reached skill level 6 in Unarmed Combat
  2625 | D:4      | Reached XP level 6. HP: 46/61 MP: 5/5
  2748 | D:4      | Noticed Eustachio
  2763 | D:4      | Killed Eustachio
  3032 | D:4      | Found a glowing golden altar of the Shining One.
  3149 | D:5      | Entered Level 5 of the Dungeon
  3154 | D:5      | Reached skill level 7 in Unarmed Combat
  3217 | D:5      | Noticed Blork the orc
  3299 | D:6      | Found Suje's Antique Armour Shop.
  3335 | D:6      | Reached XP level 7. HP: 53/67 MP: 6/6
  3610 | D:6      | Reached skill level 8 in Unarmed Combat
  4072 | D:4      | Reached skill level 9 in Unarmed Combat
  4118 | D:4      | Reached XP level 8. HP: 44/75 MP: 7/7
  4197 | D:5      | Killed Blork the orc
  4319 | D:5      | Reached skill level 10 in Unarmed Combat
  4335 | D:5      | Noticed a hungry ghost
  4343 | D:5      | Killed a hungry ghost
  4391 | D:5      | Noticed Pikel
  4491 | D:6      | Found Toplawip's Jewellery Emporium.
  4532 | D:6      | Gained mutation: You are agile. (Dex +2) [potion of beneficial mutation]
  4558 | D:6      | Noticed Grinder
  4560 | D:6      | Noticed Sigmund
  4706 | D:6      | Found Suydd's Gadget Emporium.
  4773 | D:7      | Found a staircase to the Ecumenical Temple.
  4783 | Temple   | Entered the Ecumenical Temple
  4799 | Temple   | Became a worshipper of Cheibriados the Contemplative
  5096 | D:7      | Noticed Dowan
  5097 | D:7      | Noticed Duvessa
  5098 | D:7      | Reached XP level 9. HP: 80/83 MP: 8/8
  5110 | D:7      | Killed Duvessa
  5119 | D:7      | Killed Dowan
  5119 | D:7      | Reached skill level 5 in Dodging
  5131 | D:7      | Acquired Cheibriados's first power
  5304 | D:7      | Found a shimmering altar of Xom.
  5943 | D:8      | Found Baost's Jewellery Emporium.
  6674 | D:9      | Noticed Prince Ribbit
  6782 | D:9      | Found a burning altar of Makhleb.
  6881 | D:9      | Found a staircase to the Lair.
  6887 | D:9      | Killed Prince Ribbit
  7077 | D:9      | Reached XP level 10. HP: 72/91 MP: 9/9
  7079 | D:9      | Acquired Cheibriados's second power
  7459 | D:9      | Found a radiant altar of Vehumet.
  7474 | D:9      | Reached skill level 10 in Dodging
  7571 | D:9      | Found an iron altar of Okawaru.
  7720 | D:9      | You fall through a shaft!
  7720 | D:10     | Entered Level 10 of the Dungeon
  7799 | D:10     | Acquired Cheibriados's third power
  7969 | D:10     | Reached skill level 11 in Unarmed Combat
  8002 | D:10     | Found a staircase to the Orcish Mines.
  8127 | D:10     | Reached skill level 5 in Fighting
  8705 | D:10     | Noticed Joseph
  8720 | D:10     | Killed Joseph
  8720 | D:10     | Reached XP level 11. HP: 82/102 MP: 10/10
  9048 | D:11     | Reached skill level 1 in Invocations
  9146 | Lair:1   | Entered Level 1 of the Lair of Beasts
  9180 | Lair:1   | Acquired Cheibriados's fourth power
  9806 | Lair:1   | Noticed Fluffy's ghost (powerful GrFi)
  9838 | Lair:1   | Killed Fluffy's ghost
  9838 | Lair:1   | Reached skill level 5 in Invocations
 10899 | Lair:2   | Reached skill level 12 in Unarmed Combat
 11122 | Lair:2   | Reached skill level 1 in Shields
 11510 | Lair:3   | Found a hole to the Spider Nest.
 11565 | Lair:3   | Noticed Sonja
 11584 | Lair:3   | Killed Sonja
 11584 | Lair:3   | Reached XP level 12. HP: 96/111 MP: 12/15
 11655 | Lair:3   | Noticed Fannar
 11670 | Lair:3   | Killed Fannar
 11769 | Lair:3   | Found a staircase to the Shoals.
 11780 | Shoals:1 | Entered Level 1 of the Shoals
 12009 | Lair:3   | Noticed Snorg
 12021 | Lair:3   | Killed Snorg
 12021 | Lair:3   | Reached skill level 5 in Shields
 12737 | Lair:4   | Noticed a seven-headed hydra
 12739 | Lair:4   | Killed a seven-headed hydra
 13223 | Lair:4   | Noticed Harold
 13231 | Lair:4   | Killed Harold
 13370 | Lair:4   | Noticed a six-headed hydra
 13380 | Lair:4   | Killed a six-headed hydra
 13409 | Lair:4   | Noticed an eight-headed hydra
 13427 | Lair:4   | Learned a level 1 spell: Animate Skeleton
 13460 | Lair:4   | Killed a nine-headed hydra
 14227 | D:8      | Bought an uncursed ring of protection from magic for 400 gold pieces
 14323 | Lair:1   | Learned a level 2 spell: Corpse Rot
 14330 | Lair:1   | Learned a level 6 spell: Statue Form
 14476 | Lair:5   | Noticed Kirke
 14489 | Lair:5   | Killed Kirke
 14536 | Lair:5   | Reached XP level 13. HP: 118/118 MP: 16/16
 14927 | Lair:6   | Reached skill level 5 in Throwing
 14967 | Lair:6   | Found a staircase to the Slime Pits.
 14991 | Lair:6   | Found a dark tunnel.
 14998 | Volcano  | Entered a volcano
 15155 | Volcano  | Reached skill level 13 in Unarmed Combat
 15268 | Volcano  | Found a radiant altar of Vehumet.
 16296 | Lair:6   | Reached XP level 14. HP: 123/133 MP: 17/17
 16421 | Lair:7   | Reached skill level 14 in Unarmed Combat
 17268 | Lair:8   | Entered Level 8 of the Lair of Beasts
 17400 | Lair:8   | Found a frozen archway.
 17458 | IceCv    | Entered an ice cave
 17711 | IceCv    | Found an ancient bone altar of Kikubaaqudgha.
 17717 | IceCv    | Reached skill level 15 in Unarmed Combat
 18850 | Lair:8   | Was placed under penance by Cheibriados
 18856 | Lair:8   | HP: 1/136 [death yak (8)]
 18857 | Lair:8   | Slain by a death yak

Vault maps used:
D:1:      minmay_arrival_stair_chambers
D:2:      fiery_altar_vehumet
D:3:      gammafunk_temple_overflow_forgotten, kennysheep_generic_room_10
D:4:      nicolae_tso_carved_into_rock, kennysheep_flooded_box, uniq_eustachio
D:5:      first_bread, minmay_strange_pillars, sigmund_army,
          uniq_crazy_yiuf_cottage, uniq_pikel, uniq_blork_the_orc
D:6:      serial_shops, shop, shop, shop, shop, uniq_sigmund, uniq_grinder
D:7:      xom_confusion_cloud, minmay_temple_entry_metal_lava, serial_glass,
          glass_columns_a, glass_columns_c, uniq_duvessa
D:8:      serial_shops, nicolae_shop_crystal
D:9:      bloody_makhleb, kennysheep_mini, lair_0_dummy,
          david_defended_altar_elf, uniq_prince_ribbit1
D:10:     erik_orc_1, uniq_joseph
Temple:   bh_familiar_temple
Lair:1:   grunt_forest_large_clearings
Lair:2:   bh_autumn_forest_stairs
Lair:3:   shoals_dummy_entry, spider_nest_entry_rubble, uniq_sonja, uniq_snorg,
          uniq_fannar
Lair:4:   lemuel_fruit_tree, grunt_megastairs_2, uniq_harold
Lair:5:   uniq_kirke
Lair:6:   minmay_slime_entry_jelly_boxes, enter_volcano_2
Lair:7:   st_stairs_9
Lair:8:   minmay_lair_end_frog_pond, portal_ice_cave_entry_dragon,
          infiniplex_staircase_pool_2
Shoals:1: cheibrodos_shoals_oceanic_diplomacy, uniq_aizul
IceCv:    ice_cave_small_necro
Volcano:  volcano_grotto

Action                   |  1- 3 |  4- 6 |  7- 9 | 10-12 | 13-15 || total
-------------------------+-------+-------+-------+-------+-------++-------
Melee: Unarmed           |   140 |   131 |   342 |   574 |   667 ||  1854
Throw: Stone             |     3 |    12 |     2 |     2 |       ||    19
       Tomahawk          |       |       |     4 |    46 |    32 ||    82
 Cast: Animate Skeleton  |       |       |       |     2 |    26 ||    28
Invok: Bend Time         |       |       |       |     7 |     6 ||    13
       Slouch            |       |       |       |     3 |    11 ||    14
       Temporal Distorti |       |       |       |     1 |       ||     1
Evoke: Wand              |       |       |     1 |     4 |     3 ||     8
       Phial of floods   |       |       |       |     1 |     1 ||     2
       Phantom mirror    |       |       |       |     1 |       ||     1
  Use: Scroll            |       |       |    10 |    14 |    13 ||    37
       Potion            |       |       |     2 |     5 |     8 ||    15
 Stab: Sleeping          |     1 |     1 |     3 |     4 |     6 ||    15
       Distracted        |       |       |       |     1 |       ||     1
       Confused          |       |       |       |     1 |       ||     1
  Eat: Chunk             |    16 |    20 |    33 |    47 |    36 ||   152
